Map: Romanticide LE

Players

CerealKILLA

  • Race: Terran Terran
  • League: Silver

Throwfordays - Winner!

  • Race: Terran Terran
  • League: Silver

VOD

Have the link to the VOD?

Description

Time

  • Played on: Aug. 26, 2021, 10:33 p.m.
  • Length: 6:08
Show
View Real Time Build Order
Export as new Build Order

CerealKILLA Terran 

Build Orders:  

Get SALT Encoding   

  12  0:10  Supply Depot  
  13  0:14  SCV  
  13  0:26  SCV  
  14  0:36  Barracks  
  14  0:48  Barracks  
  14  1:01  Barracks  
  14  1:14  Barracks  
  14  1:22  Marine  
  15  1:26  SCV  
  16  1:34  Marine  
  17  1:40  Marine  
  18  1:49  Marine  
  18  1:52  Marine  
  18  1:53  Supply Depot  
  20  1:58  Marine  
  21  2:02  Marine  
  22  2:09  Marine  
  22  2:14  Marine  
  24  2:19  Marine  
  24  2:20  Marine  
  26  2:27  Supply Depot  
  26  2:38  Marine x2  
  26  2:39  Marine  
  26  2:40  Marine  
  30  3:00  Marine x3  
  30  3:02  Marine  
  33  3:22  Supply Depot, SCV  
  34  3:28  Marine x2  
  34  3:29  Marine x2  
  37  3:45  Refinery  
  37  3:46  Marine  
  37  4:05  Marine x4  
  41  4:16  SCV  
  41  4:22  Marine  
  41  4:23  Marine x3  
  28  4:56  Marine x3  
  28  4:57  Marine  
  32  5:06  SCV  
  32  5:07  Engineering Bay  
  33  5:14  Marine x4  
  33  5:18  SCV  
  38  5:23  Command Center  
  24  5:46  Marine x4  
  23  5:54  SCV  
Show
View Real Time Build Order
Export as new Build Order

Throwfordays Terran - Winner!

Build Orders:  

Get SALT Encoding   

  12  0:01  SCV  
  13  0:13  SCV  
  14  0:18  Supply Depot  
  14  0:25  SCV  
  15  0:29  Refinery  
  15  0:44  Barracks  
  15  0:45  SCV  
  16  0:57  SCV  
  17  1:10  Refinery, SCV  
  18  1:22  SCV  
  19  1:31  Reaper  
  20  1:33  Supply Depot  
  20  1:34  SCV  
  21  1:40  Supply Depot  
  21  1:46  SCV  
  22  1:59  SCV  
  23  2:01  Barracks  
  23  2:03  Reaper  
  24  2:11  SCV  
  25  2:35  Reaper  
  26  2:48  Bunker  
  26  2:49  Barracks  
  27  2:58  Reaper  
  26  3:13  Reaper  
  27  3:38  Reaper x2, Barracks  
  29  3:46  Reaper  
  29  4:10  Reaper x2  
  31  4:18  Reaper  
  32  4:30  Reaper  
  33  4:42  Reaper  
  34  4:51  Barracks Reactor  
  34  5:08  Engineering Bay  
  34  5:11  Command Center  
  34  5:13  Barracks Reactor  
  34  5:21  Barracks Reactor  
  34  5:24  Barracks Reactor  
Tags
 
Matchup
TvT
Race
Terran
Replay Pack
Multiplayer
Add a new tag
Caveats
  • Supply blocks, unpowered buildings, or Contaminate may cause inaccurate times.
  • Supply counts are checked every 10 seconds.